Map: Zen LE

Players

PrimeAqasix

  • Race: Terran Terran
  • League: Gold
  • Spawn Location: 1:00

Eleven - Winner!

  • Race: Zerg Zerg
  • League: Diamond
  • Spawn Location: 7:00

VOD

Have the link to the VOD?

Description

Time

  • Played on: May 31, 2020, 5:17 a.m.
  • Length: 28:24
Show
View Real Time Build Order
Export as new Build Order

PrimeAqasix Terran 

Build Orders: Mech 

Get SALT Encoding   

  12  0:01  SCV  
  13  0:13  SCV  
  14  0:19  Supply Depot  
  14  0:25  SCV  
  15  0:40  SCV  
  15  0:42  Barracks  
  16  0:50  Refinery  
  16  0:52  SCV  
  17  1:04  SCV  
  18  1:18  SCV  
  19  1:31  SCV  
  20  1:35  Command Center  
  20  1:42  Reaper  
  20  1:46  Supply Depot  
  21  1:54  SCV  
  22  2:13  Orbital Command  
  22  2:20  Factory  
  22  2:24  Refinery  
  22  2:25  Marine  
  23  2:41  SCV  
  23  2:43  Marine  
  24  2:48  Orbital Command  
  24  2:53  SCV  
  24  3:09  Barracks Reactor  
  24  3:11  Starport  
  24  3:15  Hellion  
  24  3:16  SCV  
  24  3:17  SCV  
  28  3:25  Supply Depot  
  28  3:28  SCV  
  28  3:29  SCV  
  30  3:49  SCV x2  
  32  4:03  SCV x2  
  34  4:12  Hellion x2  
  34  4:15  SCV, Starport Tech Lab  
  39  4:24  Fusion Core  
  39  4:27  SCV  
  39  4:29  SCV, Refinery  
  39  4:30  Refinery  
  41  4:33  Hellion x2  
  45  4:39  SCV  
  45  4:43  SCV  
  45  4:44  Supply Depot  
  47  4:52  SCV  
  48  4:55  Hellion  
  48  4:56  Widow Mine  
  52  5:02  SCV  
  52  5:04  SCV  
  54  5:07  Factory  
  54  5:09  Factory  
  54  5:13  Battlecruiser  
  54  5:14  SCV  
  61  5:21  Supply Depot  
  61  5:22  SCV  
  62  5:42  Widow Mine x2  
  56  5:44  SCV x2  
  58  5:53  Factory Tech Lab x2  
  58  5:56  Supply Depot  
  58  5:57  SCV x2, Armory  
  58  5:58  Armory  
  58  6:02  Command Center  
  60  6:04  Widow Mine x2  
  60  6:09  SCV  
  65  6:19  SCV  
  65  6:21  SCV  
  67  6:53  Hellion x2  
  71  6:54  Battlecruiser  
  77  7:11  Supply Depot, Siege Tank x2  
  77  7:14  Supply Depot  
  77  7:15  Supply Depot  
  83  7:18  Supply Depot  
  83  7:21  SCV x2  
  85  7:23  Orbital Command  
  85  7:25  Hellion x2, Command Center  
  85  7:29  Terran Vehicle Weapons Level 1, Terran Vehicle And Ship Armor Level 1  
  89  7:31  Drilling Claws, Infernal Pre-Igniter  
  89  7:55  SCV x2  
  89  7:58  Orbital Command  
  91  8:01  Thor x2  
  91  8:02  Hellion x2  
  107  8:19  Liberator  
  110  8:27  SCV  
  110  8:28  SCV  
  110  8:30  SCV  
  110  8:33  Hellion x2  
  117  8:39  Command Center  
  117  8:40  SCV  
  118  8:44  SCV x2  
  120  9:02  Thor  
  126  9:20  Hellion x2  
  130  9:29  Thor  
  136  9:34  Factory x2  
  130  9:47  Cyclone  
  133  10:02  Widow Mine x2  
  134  10:08  SCV x2, Engineering Bay  
  134  10:09  SCV  
  134  10:12  Cyclone  
  140  10:16  Orbital Command  
  140  10:18  Command Center  
  143  10:24  Factory  
  143  10:25  Factory  
  143  10:26  Factory  
  143  10:31  Mag-Field Accelerator  
  140  10:39  Planetary Fortress  
  140  10:40  SCV  
  141  10:51  Factory Tech Lab  
  141  11:02  Widow Mine x2  
  141  11:03  Siege Tank  
  136  11:25  Siege Tank  
  139  11:27  Hellion x2  
  143  11:35  Missile Turret  
  143  11:36  SCV  
  143  11:37  SCV x4  
  148  11:41  Refinery  
  148  11:43  Refinery  
  148  11:44  Neosteel Armor  
  148  11:48  Missile Turret  
  148  11:49  Hellion x2  
  148  11:51  Command Center  
  148  11:53  Hellion  
  154  11:56  Factory Reactor  
  154  11:57  Thor, Factory Tech Lab x2  
  160  12:02  Refinery  
  160  12:04  Refinery  
  160  12:11  Command Center  
  160  12:20  Hellion, Widow Mine  
  160  12:21  Cyclone x2  
  160  12:22  Cyclone  
  171  12:45  Siege Tank  
  171  12:48  Hellion x2  
  176  13:08  SCV x5  
  181  13:20  SCV  
  182  13:28  SCV  
  182  13:29  SCV x2  
  182  13:32  Widow Mine x4  
  182  13:34  Siege Tank  
  196  13:35  Siege Tank  
  199  13:43  Command Center  
  199  13:44  SCV  
  200  13:55  Hi-Sec Auto Tracking  
  200  13:58  Missile Turret  
  195  14:52  Planetary Fortress  
  195  15:02  Sensor Tower  
  195  15:04  Missile Turret x2  
  195  15:06  Hellion x2, Missile Turret  
  199  15:26  Refinery  
  194  15:28  Refinery  
  175  16:07  Siege Tank x4  
  152  16:37  Hellion x2, Widow Mine  
  152  16:38  Widow Mine  
  152  16:39  Siege Tank x3  
  145  16:40  Hellion, Planetary Fortress  
  140  16:57  Terran Vehicle Weapons Level 2  
  140  16:58  Terran Vehicle And Ship Armor Level 2  
  140  16:59  Hellion, Widow Mine  
  140  17:00  Thor  
  150  17:11  Thor x2  
  162  17:25  Refinery  
  162  17:28  Refinery  
  162  17:33  Missile Turret  
  162  17:34  Thor  
  162  17:35  Hellion x2, Missile Turret  
  162  17:36  Hellion x2  
  176  17:43  Thor  
  182  17:54  Hellion, Widow Mine  
  180  18:21  Hellion x6  
  192  18:31  Liberator  
  195  18:39  Planetary Fortress  
  183  18:57  Refinery  
  183  19:01  Refinery  
  183  19:02  Missile Turret  
  183  19:03  Missile Turret  
  183  19:04  Missile Turret x2  
  183  19:24  Factory Reactor  
  183  19:26  Command Center  
  183  19:27  Terran Vehicle Weapons Level 3  
  183  19:28  Terran Vehicle And Ship Armor Level 3  
  183  19:29  Command Center, Factory Tech Lab  
  148  19:52  Thor  
  148  19:53  Thor x3  
  148  19:55  Hellion x5  
  182  20:04  Widow Mine x2  
  180  20:16  Widow Mine x2  
  180  20:17  Command Center  
  180  20:20  Command Center  
  182  20:27  Widow Mine x3  
  182  20:28  Widow Mine  
  176  20:53  Liberator  
  179  21:31  Planetary Fortress  
  179  21:39  Orbital Command  
  177  21:41  Command Center  
  153  21:56  Planetary Fortress  
  153  21:59  Missile Turret  
  149  22:02  Thor x4  
  149  22:04  Hellion x4, Cyclone, Missile Turret  
  149  22:07  Hellion, Widow Mine  
  149  22:08  Liberator  
  170  22:36  Cyclone  
  170  22:43  Hellion, Widow Mine  
  170  22:44  Hellion x2, Widow Mine x2  
  167  22:45  Siege Tank x3  
  167  22:46  Widow Mine  
  165  23:05  Hellion, Widow Mine  
  163  23:07  Siege Tank  
  153  23:18  Hellion, Siege Tank x2  
  153  23:19  Hellion x2  
  116  24:04  Hellion  
  116  24:05  Hellion x6, Thor x2, Siege Tank  
  116  24:06  Siege Tank  
  143  24:18  Planetary Fortress  
  143  24:21  SCV x5  
  148  24:41  Unknown  
  148  24:44  Hellion x6  
  148  24:45  Hellion x3  
  143  25:00  Hellion x2  
  143  25:05  Hellion x3  
  143  25:06  Hellion  
  151  25:14  Missile Turret  
  136  25:50  Hellion x4, Thor  
  136  25:51  Hellion, Thor x2, Siege Tank x2  
  148  26:07  Hellion  
  124  26:11  Hellion  
  106  26:20  Hellion x3  
  106  26:23  Siege Tank x2  
  115  26:33  Siege Tank  
  115  26:34  Siege Tank x2  
  93  26:55  Siege Tank  
  67  27:27  Widow Mine x6  
  67  27:28  Widow Mine x3  
  81  27:32  Siege Tank  
  84  27:37  Viking  
  68  28:08  Starport  
  68  28:11  Starport  
  62  28:13  Supply Depot  
Show
View Real Time Build Order
Export as new Build Order

Eleven Zerg - Winner!

Build Orders: Hatch First, Lurkers 

Get SALT Encoding   

  12  0:01  Drone  
  13  0:13  Overlord  
  13  0:18  Drone  
  14  0:31  Drone x2  
  16  0:50  Hatchery  
  16  0:55  Drone  
  16  0:57  Drone  
  17  1:07  Drone  
  17  1:11  Extractor  
  17  1:21  Spawning Pool, Drone  
  17  1:27  Drone  
  18  1:35  Drone  
  19  1:43  Drone  
  20  1:50  Overlord  
  20  2:07  Queen  
  20  2:08  Queen  
  24  2:09  Zergling x4  
  26  2:24  Hatchery  
  25  2:33  Drone  
  25  2:34  Drone  
  25  2:36  Drone  
  28  2:38  Overlord  
  28  2:49  Queen  
  30  2:53  Drone x2  
  30  2:56  Drone  
  30  2:57  Drone  
  34  3:02  Drone  
  35  3:06  Metabolic Boost  
  35  3:15  Drone x2  
  35  3:17  Drone x2  
  39  3:22  Drone  
  40  3:31  Queen  
  40  3:34  Overlord  
  42  3:36  Drone x2  
  42  3:38  Queen  
  46  3:45  Lair  
  45  3:58  Zergling x4  
  45  3:59  Zergling x6  
  45  4:00  Drone  
  45  4:01  Drone x4  
  54  4:26  Evolution Chamber, Baneling Nest  
  54  4:27  Evolution Chamber  
  51  4:34  Drone x4  
  51  4:35  Overlord x2, Drone x3  
  58  4:40  Spore Crawler x2  
  58  4:43  Spore Crawler  
  55  4:48  Spore Crawler  
  55  4:49  Spore Crawler  
  53  4:53  Queen  
  53  4:56  Queen  
  53  4:59  Drone x4  
  61  5:03  Drone x2  
  61  5:06  Drone x2  
  65  5:08  Drone  
  65  5:10  Baneling x2  
  65  5:11  Baneling  
  65  5:14  Overlord  
  66  5:23  Centrifical Hooks  
  64  5:40  Hatchery, Drone x3  
  64  5:41  Drone x3  
  64  5:42  Drone x3  
  71  5:43  Drone  
  71  5:44  Drone, Extractor  
  71  5:45  Drone, Extractor  
  71  5:48  Extractor  
  71  5:50  Drone x3, Extractor  
  71  5:52  Drone  
  74  5:58  Extractor  
  74  6:01  Overseer  
  74  6:02  Hatchery  
  74  6:03  Drone x2  
  74  6:07  Overlord x2  
  74  6:23  Overlord  
  65  6:47  Drone  
  65  6:48  Drone x7  
  65  6:49  Drone x2  
  75  6:56  Drone x3  
  75  6:59  Drone x3  
  81  7:01  Drone x2  
  81  7:02  Drone x2  
  85  7:09  Spire  
  85  7:10  Hydralisk Den  
  85  7:13  Zerg Ground Armor Level 1  
  85  7:14  Zerg Melee Weapons Level 1  
  85  7:15  Zergling x6  
  85  7:21  Queen  
  88  7:34  Zergling x2  
  88  7:35  Zergling x26  
  102  7:41  Overlord x2  
  102  7:46  Muscular Augments  
  102  7:55  Queen  
  104  7:59  Infestation Pit, Drone x14  
  104  8:03  Baneling x2  
  104  8:04  Baneling x6  
  104  8:05  Baneling  
  117  8:12  Drone x6  
  123  8:13  Overlord x3  
  123  8:25  Pneumatized Carapace  
  123  8:26  Overseer x2  
  123  8:32  Overlord  
  123  8:35  Zerg Flyer Armor Level 1  
  123  8:40  Extractor x2  
  119  8:49  Corruptor x3  
  119  8:50  Corruptor x5  
  131  8:57  Grooved Spines  
  131  8:59  Drone x4  
  131  9:00  Drone x4  
  138  9:21  Extractor  
  137  9:24  Hive  
  137  9:31  Roach Warren  
  137  9:32  Zerg Missile Weapons Level 1  
  137  9:33  Zerg Melee Weapons Level 2  
  137  9:36  Overseer x3  
  137  9:37  Overseer  
  130  10:08  Corruptor x6  
  130  10:10  Zergling x16  
  130  10:12  Overlord x2  
  130  10:13  Overlord x2  
  150  10:58  Glial Reconstitution  
  150  11:02  Lurker Den  
  150  11:03  Queen  
  151  11:04  Adrenal Glands  
  135  11:19  Drone x6  
  135  11:21  Drone x3  
  144  11:31  Baneling x4  
  144  11:32  Baneling x5  
  144  11:38  Hatchery, Hydralisk x7  
  144  11:39  Hydralisk x8  
  165  11:42  Overlord x4  
  173  11:47  Hatchery  
  173  11:52  Greater Spire  
  172  11:54  Zerg Missile Weapons Level 2  
  172  11:56  Zerg Melee Weapons Level 3  
  172  12:02  Hatchery  
  171  12:10  Seismic Spines  
  171  12:12  Viper  
  164  13:00  Viper x2  
  164  13:01  Viper x3  
  179  13:07  Adaptive Talons  
  179  13:21  Extractor  
  179  13:25  Extractor  
  177  13:27  Lurker  
  177  13:28  Lurker x6  
  184  13:53  Evolution Chamber, Drone x2  
  184  13:55  Drone x3  
  188  13:56  Evolution Chamber x2, Drone x3  
  188  13:59  Evolution Chamber  
  188  14:02  Evolution Chamber, Lurker x7  
  194  14:05  Evolution Chamber  
  190  14:18  Hydralisk  
  190  14:19  Hydralisk x4  
  189  14:50  Hydralisk x6  
  199  14:58  Zerg Missile Weapons Level 3  
  199  14:59  Zerg Ground Armor Level 2  
  189  15:47  Hydralisk x5  
  184  16:23  Viper x6  
  190  16:42  Viper  
  190  16:43  Viper x2  
  199  17:03  Lurker  
  181  18:19  Lurker x8  
  189  18:21  Hydralisk x5  
  199  18:43  Drone  
  199  18:44  Extractor  
  198  18:54  Zerg Ground Armor Level 3  
  179  20:24  Hydralisk x10  
  188  21:22  Hydralisk x6  
  188  22:23  Hydralisk x6  
  179  22:57  Hydralisk x2  
  179  22:58  Hydralisk x13  
  182  23:34  Overlord  
  182  23:35  Overlord x4  
  140  24:01  Roach, Hydralisk x6  
  140  24:02  Hydralisk x7  
  124  24:03  Hydralisk x6  
  124  24:04  Hydralisk x6  
  147  24:11  Zergling x26  
  158  24:29  Extractor  
  157  24:41  Pathogen Glands  
  157  24:44  Zerg Flyer Weapons Level 1  
  140  25:03  Zergling x18  
  140  25:04  Zergling x36  
  163  25:09  Hatchery  
  156  25:37  Neural Parasite  
  156  25:42  Roach, Hydralisk x5  
  158  25:43  Roach x6, Hydralisk x6  
  158  25:44  Roach x6, Hydralisk  
  199  25:50  Baneling  
  199  25:51  Baneling x13  
  156  26:20  Zergling x48  
  176  26:34  Hatchery  
  157  26:44  Hydralisk x2  
  157  26:45  Roach x4, Hydralisk x4  
  157  26:46  Zergling x12, Roach x2  
  148  26:58  Brood Lord x2  
  148  26:59  Brood Lord x5  
  148  27:00  Hatchery  
  148  27:01  Roach, Hydralisk x5  
  153  27:02  Roach x5  
  174  27:13  Zergling x18  
  151  27:33  Roach, Hydralisk x5  
  151  27:34  Roach x6, Hydralisk x2  
  148  27:58  Overseer x7  
  148  28:12  Extractor  
  139  28:14  Extractor  
Tags
 
Composition
LurkersMech
Matchup
TvZ
Spawn Locations
Cross Positions
Add a new tag
Caveats
  • Supply blocks, unpowered buildings, or Contaminate may cause inaccurate times.
  • Supply counts are checked every 10 seconds.